 Dungeon Sprint DCSS version 0.31-a0-43-g46d131a48f (webtiles) character file.

Game seed: 15113581399637154794

116 bmack86 the Fighter (level 4, -6/49 HPs)
             Began as a Minotaur Fighter on May 19, 2023.
             Killed from afar by an oklob sapling priest (26 damage)
             ... with a splash of acid
             ... in the Dungeon (Sprint IV: "Fedhas' Mad Dash").
             The game lasted 00:01:53 (245 turns).

bmack86 the Fighter (Minotaur Fighter)               Turns: 245, Time: 00:01:54

Health: -6/49      AC:  2    Str: 22    XL:     4   Next: 69%
Magic:  3/3        EV:  9    Int:  5    God:
Gold:   57         SH:  4    Dex: 10    Spells: 3/3 levels left

rFire   . . .        a - +0 war axe
rCold   . . .        c - +0 buckler
rNeg    . . .        b - +0 scale mail
rPois   .            (helmet restricted)
rElec   .            (no cloak)
rCorr   .            (no gloves)
SInv    .            (no boots)
Will    .....        d - amulet of invisibility {+Inv} Stlth
                     (no ring)
HPRegen 0.28/turn    (no ring)
MPRegen 0.08/turn

%: no teleportation
@: corroded
A: horns 2, retaliatory headbutt
a: Evoke Invisibility


You were in the Dungeon.
You visited 1 branch You collected 57 gold pieces.

Inventory:

Hand Weapons
 a - a +0 war axe (weapon)
Armour
 b - a +0 scale mail (worn)
 c - a +0 buckler (worn)
Jewellery
 d - the amulet of invisibility (around neck) {+Inv}
   (You found it in the Dungeon)

   [amulet of nothing]

   +Inv:      It lets you turn invisible.
Scrolls
 k - a scroll of fear {unknown}
Potions
 e - a potion of curing
 f - a potion of heal wounds
 g - a potion of haste
 h - 2 potions of magic
 i - a potion of berserk rage
 l - a potion of invisibility {unknown}


   Skills:
 + Level 8.7 Fighting
 + Level 8.3 Axes
 - Level 3.6 Armour
 - Level 3.6 Shields


You had 3 spell levels left.
You didn't know any spells.
Your spell library was empty.

Dungeon Overview and Level Annotations

Branches:
Dungeon (1/1)

Altars:
Cheibriados
Dithmenos
Elyvilon
Gozag
Hepliaklqana
Kikubaaqudgha
Makhleb
Nemelex Xobeh
Okawaru
Qazlal
Ru
Sif Muna
Trog
Uskayaw
Vehumet
Wu Jian
Xom
Yredelemnul
Zin
The Shining One
Jiyva
Lugonu

Annotations:
D exclusion: oklob sapling


Innate Abilities, Weirdness & Mutations

You have a pair of horns on your head.
You reflexively headbutt those who attack you in melee.


Message History

You start resting.
HP restored.
You open the door.
Found ten altars.
An oklob sapling priest comes into view.
Found three altars.
The oklob sapling priest mumbles some strange prayers to its god against you.
Something smites you!
Marking area around an oklob sapling priest as unsafe for travelling.
There is an open door here.
You open the door.
An oklob sapling comes into view.
Marking area around an oklob sapling as unsafe for travelling.
Found 21 gold pieces.
There is an open door here.
You slash the oklob sapling!
You destroy the oklob sapling!
Your Axes skill increases to level 8!
You now have 48 gold pieces (gained 12).
You now have 57 gold pieces (gained 9).
There is an open door here.
You start resting.
HP restored.
Really walk into a travel-excluded area?
There is an open door here.
Found three altars.
Found two altars.
The oklob sapling priest spits acid at you.
The splash of acid hits you!!
Ouch! That really hurt!
The acid corrodes you!
Okay, then.
Blink to where?
Press: ? - help, Dir - move target
Found five altars.
As you read the scroll of blinking, it crumbles to dust.
The oklob sapling priest spits acid at you.
The splash of acid hits you!!
Ouch! That really hurt!
You die...

########################
...#.....#.⌠._._._._.⌠.#
...'.#)..'.§_._.@._._..+
...#.#...#..._._P_._...#
#######'##.._._._._._..#
+...#._._._._._.⌠.#
#...###############
#####


You could see an oklob sapling priest.

Vanquished Creatures
  A scorpion (D)
  2 oklob saplings (D)
  A river rat (D)
  A rat (D)
5 creatures vanquished.

Notes
Turn   | Place    | Note
-------+----------+-------------------------------------------
     0 | D        | bmack86 the Minotaur Fighter began the quest for the Orb.
     0 | D        | Reached XP level 1. HP: 19/19 MP: 0/0
    15 | D        | Reached skill level 5 in Fighting
    15 | D        | Reached XP level 2. HP: 15/29 MP: 1/1
    74 | D        | Noticed an oklob sapling
    77 | D        | Killed an oklob sapling
    78 | D        | Reached skill level 5 in Axes
    78 | D        | Reached XP level 3. HP: 7/38 MP: 2/2
   117 | D        | Noticed a scorpion
   117 | D        | Found the amulet of invisibility {+Inv}
   119 | D        | Killed a scorpion
   120 | D        | Reached XP level 4. HP: 23/48 MP: 3/3
   208 | D        | Found an opulent altar of Gozag.
   208 | D        | Found a hazy altar of Hepliaklqana.
   208 | D        | Found a burning altar of Makhleb.
   208 | D        | Found a sparkling altar of Nemelex Xobeh.
   208 | D        | Found a snail-covered altar of Cheibriados.
   208 | D        | Found a sacrificial altar of Ru.
   208 | D        | Found a shimmering blue altar of Sif Muna.
   208 | D        | Found a shimmering altar of Xom.
   208 | D        | Found a basalt altar of Yredelemnul.
   209 | D        | Found a viscous altar of Jiyva.
   209 | D        | Found a bloodstained altar of Trog.
   209 | D        | Found an ornate altar of the Wu Jian Council.
   243 | D        | Found an iron altar of Okawaru.
   243 | D        | Found a shadowy altar of Dithmenos.
   243 | D        | Found a glowing silver altar of Zin.
   244 | D        | Found an ancient bone altar of Kikubaaqudgha.
   244 | D        | Found a hide-covered altar of Uskayaw.
   245 | D        | Found a corrupted altar of Lugonu.
   245 | D        | Found a stormy altar of Qazlal.
   245 | D        | Found a white marble altar of Elyvilon.
   245 | D        | Found a radiant altar of Vehumet.
   245 | D        | Found a glowing golden altar of the Shining One.
   245 | D        | Killed from afar by an oklob sapling priest

Illustrated notes

Levels and vault maps discovered:
D:        dungeon_sprint_fedhas [sprint_temple]

Skill      XL: |  1  2  3  4 |
---------------+-------------+-----
Fighting       | 5 6 8 |  8.7
Axes           | 4 5 7 8 |  8.3
Armour         | |  3.6
Shields        | |  3.6

Action                     |  1- 3 |  4- 6 || total
---------------------------+-------+-------++-------
  Melee: War axe           |    10 |     1 ||    11
         Headbutt          |     2 |       ||     2
    Use: Potion            |     1 |       ||     1
         Scroll            |       |     1 ||     1
 Armour: Scale mail        |     2 |       ||     2
  Dodge: Dodged            |     4 |       ||     4
  Block: Buckler           |     1 |       ||     1

Table legend: (Time is in decaauts)
 A = Elapsed time spent in this place.
 B = Non-inter-level travel time spent in this place.
 C = Inter-level travel time spent in this place.
 D = Time resting spent in this place.
 E = Time spent auto-exploring this place.
 F = Levels seen in this place.
 G = Mean time per level.
                   A        B        C        D        E       F      G
               +--------+--------+--------+--------+--------+-----+--------+
         Total |    248 |    248 |      0 |    172 |      0 |   1 |  248.0 |
       Dungeon |    248 |    248 |      0 |    172 |      0 |   1 |  248.0 |
               +--------+--------+--------+--------+--------+-----+--------+

Top non-repeatable levels by time:
       D: 248 daAuts
